 Dungeon Crawl Stone Soup version 0.29-a0-838-g385bb11a5b (webtiles) character file.

Game seed: 14547177347166961910

1360 Zonian the Chiller (level 8, 0/52 HPs)
             Began as a Demonspawn Ice Elementalist on July 14, 2022.
             Was an Initiate of Gozag.
             Splashed by a jelly's acid (6 damage)
             ... on level 5 of the Dungeon.
             The game lasted 00:15:27 (8442 turns).

Zonian the Chiller (Demonspawn Ice Elementalist)    Turns: 8442, Time: 00:15:31

Health: 0/52       AC: -1    Str:  9    XL:     8   Next: 37%
Magic:  11/17      EV: 12    Int: 17    God:    Gozag
Gold:   585        SH:  0    Dex: 15    Spells: 10/19 levels left

rFire   . . .      SeeInvis .   q - +2 short sword (freeze)
rCold   . . .      Faith    .   (no shield)
rNeg    . . .      Spirit   .   a - +1 robe
rPois   .          Reflect  .   (helmet restricted)
rElec   .          Harm     .   t - scarf {shadows}
rCorr   .          Rampage  .   (no gloves)
Will    .....                   (no boots)
Stlth   ++........              (no amulet)
HPRegen 0.17/turn               d - ring of flight
MPRegen 0.15/turn               c - ring of wizardry

@: corroded, freezing walls, flying
A: horns 2, demonic guardian 1, foul stench 1, demonic touch 2
a: Renounce Religion, Potion Petition, Call Merchant, Bribe Branch


You were on level 5 of the Dungeon.
You worshipped Gozag.
Gozag was pleased with you.
You visited 2 branches of the dungeon, and saw 6 of its levels.
You also visited: Ossuary.

You collected 658 gold pieces.
You paid 73 gold pieces to Gozag.

Inventory:

Hand Weapons
 b - a +0 short sword of protection
 l - a +0 sling
 p - a +0 rapier of venom
 q - a +2 short sword of freezing (weapon)
 x - the +2 short sword of Woe {protect, rC+}
   (You found it on level 5 of the Dungeon)

   It grants its wielder temporary protection when it strikes (+7 to AC).
   rC:        It protects you from cold.
Missiles
 f - 18 poisoned darts
Armour
 a - a +1 robe (worn)
 t - a scarf of shadows (worn)
Jewellery
 c - a ring of wizardry (right hand)
 d - a ring of flight (left hand)
 z - a ring of protection from fire
Wands
 e - a wand of quicksilver (4)
Scrolls
 g - 9 scrolls of teleportation
 h - 2 scrolls of fear
 v - a scroll of fog
 y - a scroll of amnesia {unknown}
Potions
 i - a potion of lignification {unknown}
 j - 2 potions of curing
 k - a potion of haste {unknown}
 m - 2 potions of resistance
 n - 2 potions of might
 o - a potion of magic
 r - 2 potions of invisibility {unknown}
 s - a potion of heal wounds {unknown}
 u - 3 potions of attraction {unknown}
 w - 3 potions of degeneration {unknown}


   Skills:
 + Level 2.5 Short Blades
 - Level 2.1 Dodging
 - Level 2.2 Stealth
 * Level 6.4 Spellcasting
 + Level 0.5 Translocations
 * Level 7.1 Ice Magic


You had 10 spell levels left.
You knew the following spells:

 Your Spells              Type           Power      Damage    Failure   Level
a - Freeze                Ice            100%       1d11      1%          1
b - Frozen Ramparts       Ice            58%        1d7       1%          3
c - Ozocubu's Armour      Ice            29%        N/A       1%          3
d - Blink                 Tloc           14%        N/A       6%          2

Your spell library contained the following spells:

 Spells                   Type           Power      Damage    Failure   Level
 Foxfire                  Conj/Fire      20%        2x1d5     4%          1
 Poisonous Vapours        Pois/Air       10%        N/A       8%          2
 Hailstorm                Conj/Ice       17%        3d6       12%         4
 Conjure Flame            Conj/Fire      5%         6-21      16%         3
 Inner Flame              Hex/Fire       5%         N/A       16%         3
 Metabolic Englaciation   Hex/Ice        8%         N/A       30%         5
 Flame Wave               Conj/Fire      5%         2d5       43%         4
 Manifold Assault         Tloc           7%         N/A       69%         5
 Storm Form               Tmut/Air       2%         N/A       100%        7
 Corpse Rot               Necr/Pois/Air  Unusable   N/A       N/A         4
 Simulacrum               Ice/Necr       Unusable   N/A       N/A         6

Dungeon Overview and Level Annotations

Branches:
Dungeon (5/15)             Temple (1/1) D:4         Ossuary (visited)

Altars:
Cheibriados
Dithmenos
Fedhas
Gozag
Hepliaklqana
Makhleb
Nemelex Xobeh
Qazlal
Ru
Sif Muna
Uskayaw
Vehumet
Wu Jian
Xom
Yredelemnul


Innate Abilities, Weirdness & Mutations

You have a pair of horns on your head.
A weak demonic guardian rushes to your aid.
You may rarely emit foul miasma when damaged in melee.
Your touch may inflict irresistible damage on your foes.


Message History

The orc wizard is almost dead.
The wall freezes the orc wizard!
You kill the orc wizard!
A jelly comes into view.
Unknown command.
Your frozen ramparts will break if you move.
Continue?
The frozen ramparts melt away as you move.
Unknown command.
Your ufetubus hits the jelly. The acid corrodes your ufetubus!
Your ufetubus is burned by acid!
Your ufetubus hits the jelly.
Your ufetubus is burned by acid!
Your ufetubus hits the jelly.
Your ufetubus is burned by acid!
Your ufetubus dies!
Your ufetubus disappears in a puff of smoke!
Unknown command.
Casting: Frozen Ramparts (safe; 1% risk of failure)
Confirm with . or Enter, or press ? or * to list all spells.
Casting: Frozen Ramparts (safe; 1% risk of failure)
Press: ? - help, Dir - look around, f - activate The walls around you are covered in ice.
The wall freezes the jelly!
Unknown command.
Throw: 19 darts (poison)
Press: ? - help, Shift-Dir - straight line, f - jelly
Aim: a jelly (heavily wounded, 89% to hit)
You throw a poisoned dart. The poisoned dart hits the jelly.
The jelly is heavily wounded.
The wall freezes the jelly.
Unknown command.
You hit the jelly. You freeze the jelly.
Your hands burn!
* * * LOW HITPOINT WARNING * * *
A demonic guardian appears!
The jelly is severely wounded.
The wall freezes the jelly.
The jelly hits you.
* * * LOW HITPOINT WARNING * * *
The acid corrodes you!
You are splashed with acid.
You die...
Your body crumbles into a pile of gold.

#.# #.# *,,,,,,,,$ #.# #.#
*,,**,**** ###.# #.# *,,,,,*
....# ###.### **+**** ....#
##.....# **,,,**
....######......## **,,,,,*****
......##.........# **,..,,,,**,,
...##.##.#.......####....,,,^,*,*
...............5@J$$$....,,,,,+>,
...#..##.#.......####....,,,,,*,*
#.##..##.........# **,..,,,,**,*
......######.##### **,,,,,***,*
####.## #.# **,,,** *,, #.# #,#
**+#* *** #.# *,* ********##.#
#.# *,* *,,,,,,,...# ####.#
*,*##.#####*#..##


You could see a jelly (ally target) and a friendly white imp (summoned).

Vanquished Creatures
  A sky beast (D:4)
  An ogre (D:5)
  2 elf zombies (Ossuary)
  A necrophage (D:4)
  2 scorpions
  A centaur zombie (Ossuary)
  A hound (D:4)
  5 human zombies (Ossuary)
  A jelly (D:4)
  2 orc priests (D:5)
  3 iguanas
  4 orc wizards (D:5)
  2 mummies (Ossuary)
  3 gnolls (D:3)
  9 adders
  A shadow imp (D:5)
  3 adder zombies (Ossuary)
  2 worms (D:2)
  A dart slug (D:2)
  11 orcs
  7 ball pythons
  8 endoplasms
  4 giant cockroaches
  8 goblins
  11 hobgoblins
  2 jackals (D:3)
  3 quokkas
  7 bats
  4 frilled lizards
  A goblin zombie (D:5)
  3 hobgoblin zombies (Ossuary)
  9 kobolds
  3 kobold zombies (Ossuary)
  18 orc zombies (Ossuary)
  9 rats
  A spectral hobgoblin (D:2)
154 creatures vanquished.

Vanquished Creatures (collateral kills)
  An ogre (D:5)
  A hound (D:5)
  An adder zombie (Ossuary)
  A worm (D:3)
  An orc zombie (Ossuary)
5 creatures vanquished.

Grand Total: 159 creatures vanquished

Notes
Turn   | Place    | Note
-------+----------+-------------------------------------------
     0 | D:1      | Zonian the Demonspawn Ice Elementalist began the quest for
                  | the Orb.
     0 | D:1      | Reached XP level 1. HP: 13/13 MP: 3/3
  1096 | D:1      | Gained mutation: You may rarely emit foul miasma when
                  | damaged in melee. [demonic ancestry]
  1096 | D:1      | Reached XP level 2. HP: 19/19 MP: 5/5
  2106 | D:2      | Reached XP level 3. HP: 24/24 MP: 1/6
  2619 | D:2      | Reached skill level 4 in Ice Magic
  2789 | D:2      | Found a faded altar of an unknown god.
  3537 | D:2      | Discovered your monstrous ancestry.
  3537 | D:2      | Gained mutation: You have a pair of small horns on your
                  | head. [demonic ancestry]
  3537 | D:2      | Reached XP level 4. HP: 30/30 MP: 8/8
  3780 | D:3      | HP: 1/30 [gnoll/+0 club (1)]
  4529 | D:3      | Gained mutation: A weak demonic guardian rushes to your
                  | aid. [demonic ancestry]
  4529 | D:3      | Reached XP level 5. HP: 33/35 MP: 10/10
  5267 | D:4      | Learned a level 3 spell: Frozen Ramparts
  5271 | D:4      | Learned a level 3 spell: Ozocubu's Armour
  5289 | D:4      | Reached skill level 5 in Ice Magic
  5524 | D:4      | Gained mutation: Your touch may inflict minor irresistible
                  | damage on your foes. [demonic ancestry]
  5524 | D:4      | Reached XP level 6. HP: 41/41 MP: 8/12
  5798 | D:4      | Noticed a sky beast
  5804 | D:4      | Killed a sky beast
  6231 | D:4      | Found a staircase to the Ecumenical Temple.
  6239 | Temple   | Entered the Ecumenical Temple
  6497 | Temple   | Became a worshipper of Gozag Ym Sagoz the Greedy
  6527 | D:4      | Found a blossoming altar of Fedhas.
  6529 | D:4      | Found a sparkling altar of Nemelex Xobeh.
  6538 | D:4      | Found a stormy altar of Qazlal.
  6539 | D:4      | Found a shimmering blue altar of Sif Muna.
  6540 | D:4      | Found a shadowy altar of Dithmenos.
  6542 | D:4      | Found a hazy altar of Hepliaklqana.
  6714 | D:5      | Entered Level 5 of the Dungeon
  6766 | D:5      | Found a sand-covered staircase.
  6777 | Ossuary  | Entered an ossuary
  6969 | Ossuary  | Gained mutation: Your touch may inflict irresistible damage
                  | on your foes. [demonic ancestry]
  6969 | Ossuary  | Reached XP level 7. HP: 37/46 MP: 14/14
  6975 | Ossuary  | Reached skill level 5 in Spellcasting
  6988 | Ossuary  | Reached skill level 6 in Ice Magic
  7000 | Ossuary  | Reached skill level 1 in Short Blades
  7675 | D:5      | Found an ornate altar of the Wu Jian Council.
  7686 | D:5      | Identified the +2 short sword of Woe {protect, rC+}
  7705 | D:5      | Gained mutation: You have a pair of horns on your head.
                  | [demonic ancestry]
  7705 | D:5      | Reached XP level 8. HP: 22/52 MP: 16/16
  8158 | D:5      | Reached skill level 7 in Ice Magic
  8237 | D:5      | Learned a level 2 spell: Blink
  8442 | D:5      | Splashed by a jelly's acid

Illustrated notes

Levels and vault maps discovered:
D:1:      arrival_zaba_pyramid, layout_basic
D:2:      layout_basic, dreamdust_ecumenical_altar_drowned_temple,
          grunt_ministairs_12, minmay_tetromino_i4
D:3:      minmay_wonky_spiral, layout_basic, chequers_avenue
D:4:      minmay_angry_zag, layout_basic, minitemple,
          minmay_temple_entry_purple_smoke, chequers_jeans
D:5:      layout_loops_corners, mainiacjoe_overflow_catwalk, enter_ossuary_3
Temple:   jpeg_temple_alley_garden

Skill      XL: |  1  2  3  4  5  6  7  8 |
---------------+-------------------------+-----
Dodging        | 2 |  2.1
Stealth        | 2 |  2.2
Ice Magic      | 4 5 6 7 |  7.1
Spellcasting   | 3 4 5 6 |  6.4
Short Blades   | 2 |  2.5
Translocations | |  0.5

Action                   |  1- 3 |  4- 6 |  7- 9 || total
-------------------------+-------+-------+-------++-------
Melee: Short sword       |    47 |    83 |   102 ||   232
       Unarmed           |     3 |       |       ||     3
       Rapier            |    17 |    37 |       ||    54
       Headbutt          |       |    26 |    27 ||    53
       Touch             |       |    19 |    28 ||    47
       Punch             |       |       |     3 ||     3
Throw: Dart              |       |       |     4 ||     4
 Cast: Freeze            |    48 |    30 |     4 ||    82
       Ozocubu's Armour  |       |       |     2 ||     2
       Frozen Ramparts   |       |       |     5 ||     5
Evoke: Wand              |       |     1 |     3 ||     4
  Use: Potion            |     1 |     1 |     1 ||     3
       Scroll            |       |    11 |     2 ||    13
 Stab: Sleeping          |     4 |    15 |     1 ||    20
       Distracted        |     1 |       |       ||     1
Armor: Robe              |    17 |    34 |    29 ||    80
Dodge: Dodged            |    67 |    97 |    71 ||   235

Table legend: (Time is in decaauts)
 A = Elapsed time spent in this place.
 B = Non-inter-level travel time spent in this place.
 C = Inter-level travel time spent in this place.
 D = Time resting spent in this place.
 E = Time spent auto-exploring this place.
 F = Levels seen in this place.
 G = Mean time per level.
                   A        B        C        D        E       F      G
               +--------+--------+--------+--------+--------+-----+--------+
         Total |   8466 |   8322 |    144 |   2993 |   3751 |   7 | 1209.4 |
       Dungeon |   7285 |   7188 |     97 |   2565 |   3542 |   5 | 1457.0 |
        Temple |    283 |    236 |     47 |      0 |    205 |   1 |  283.0 |
       Ossuary |    897 |    897 |      0 |    428 |      4 |   1 |  897.0 |
               +--------+--------+--------+--------+--------+-----+--------+

Top non-repeatable levels by time:
     D:1: 2346 daAuts
     D:3: 1545 daAuts
     D:2: 1380 daAuts
     D:4: 1175 daAuts
 Ossuary: 897 daAuts
     D:5: 837 daAuts
  Temple: 283 daAuts
